 Dungeon Crawl Stone Soup version 0.27.1-1-g398f81649c (webtiles) character file.

Game seed: 13523216047018785533

488 ZARRMARR the Sneak (level 7, -2/69 HPs)
             Began as an Octopode Transmuter on Sept 8, 2021.
             Slain by an orc wizard (3 damage)
             ... on level 6 of the Dungeon.
             The game lasted 00:22:07 (5750 turns).

ZARRMARR the Sneak (Octopode Transmuter)            Turns: 5750, Time: 00:22:08

Health: -2/69      AC:  1    Str: 21    XL:     7   Next: 13%
Magic:  11/11      EV: 14    Int: 17    God:
Gold:   145        SH:  0    Dex: 13    Spells: 10/11 levels left

rFire    . . .     SeeInvis .   d - +4 dagger (speed)
rCold    . . .     Faith    .   (no shield)
rNeg     . . .     Spirit   .   (helmet restricted)
rPois    +         Reflect  .   (no amulet)
rElec    .         Harm     .   b - +6 ring of strength
rCorr    .         Rampage  .   h - +6 ring of strength
Will     .....                  p - ring of poison resistance
Stlth    ..........             (no ring)
HPRegen  0.21/turn              (no ring)
MPRegen  0.12/turn              (no ring)
                                (no ring)
                                (no ring)

@: confused, berserking, very quick
A: almost no armour, amphibious, 8 rings, camouflage 1, gelatinous body 1,
(nimble swimmer 1), tentacles
a: no special abilities


You were on level 6 of the Dungeon.
You visited 1 branch of the dungeon, and saw 6 of its levels.

You collected 145 gold pieces.

Inventory:

Hand Weapons
 d - a +4 dagger of speed (weapon)
Missiles
 m - 16 poisoned darts
 n - 4 boomerangs (quivered)
Magical Staves
 j - a staff of conjuration
 l - a staff of earth
Jewellery
 b - a +6 ring of strength (left tentacle)
 h - a +6 ring of strength (right tentacle)
 p - a ring of poison resistance (on tentacle)
Scrolls
 e - a scroll of immolation
Potions
 c - a potion of attraction
 i - a potion of haste {unknown}
 k - a potion of invisibility {unknown}


   Skills:
 + Level 3.4 Fighting
 + Level 1.9 Short Blades
 + Level 3.8 Dodging
 + Level 4.6 Stealth
 - Level 3.0 Unarmed Combat
 - Level 2.9 Spellcasting
 - Level 3.1 Transmutations


You had 10 spell levels left.
You knew the following spells:

 Your Spells              Type           Power      Damage    Failure   Level
a - Beastly Appendage     Tmut           26%        N/A       4%          1

Your spell library contained the following spells:

 Spells                   Type           Power      Damage    Failure   Level
 Wereblood                Tmut           13%        N/A       8%          2
 Animate Skeleton         Necr           4%         N/A       19%         1
 Foxfire                  Conj/Fire      8%         2x1d4     19%         1
 Pain                     Necr           8%         1d4       19%         1
 Slow                     Hex            2%         N/A       26%         2
 Spider Form              Tmut/Pois      3%         N/A       28%         3
 Confusing Touch          Hex            2%         N/A       47%         3
 Conjure Flame            Conj/Fire      2%         6-21      47%         3
 Inner Flame              Hex/Fire       2%         N/A       47%         3
 Stone Arrow              Conj/Erth      4%         3d7       47%         3
 Vampiric Draining        Necr           1%         2d6       47%         3
 Ice Form                 Ice/Tmut       7%         N/A       67%         4
 Yara's Violent Unravell  Hex/Tmut       3%         3d4       95%         5
 Lehudib's Crystal Spear  Conj/Erth      1%         10d2      100%        8
 Animate Armour           Summ/Erth      Unusable   N/A       N/A         4

Dungeon Overview and Level Annotations

Branches:
Dungeon (6/15)
 Temple: D:4-7

Altars:
Hepliaklqana
Qazlal
Ru
Uskayaw
Vehumet
Zin

Annotations:
D:5 exclusion: 2 yaks


Innate Abilities, Weirdness & Mutations

You cannot wear most types of armour.
You are amphibious.
You can wear up to eight rings at the same time.
Your skin changes colour to match your surroundings (Stealth+).
Your rubbery body absorbs attacks. (AC +1, EV +1)
((You are camouflaged near water. (Stealth+)))
You have tentacles for arms and can constrict up to eight enemies at once.


Message History

It was a scroll of noise.
You hear an angry hiss.
You hear a shout!
The orc misses you.
The orc priest begins to cast a cantrip, but forgets the words!
The orc wizard hits you with a +0 dagger.
As you read the scroll labelled ILYXODOWKU, it crumbles to dust.
It is a scroll of brand weapon.
Okay, then.
The orc wizard casts a spell at you.
You are confused.
The orc completely misses you.
The orc wizard hits you with a +0 dagger.
It was a potion of berserk rage.
A red film seems to cover your vision as you go berserk!
You feel yourself moving faster!
You feel mighty!
The orc wizard hits you with a +0 dagger.
The orc hits you with a +0 trident!
* * * LOW HITPOINT WARNING * * *
The orc wizard hits you with a +0 dagger.
* * * LOW HITPOINT WARNING * * *
You miss the orc.
Unknown command.
You puncture the orc priest!
The orc priest is heavily wounded.
The orc wizard barely misses you.
Unknown command.
You puncture the orc priest!
You kill the orc priest!
The orc barely misses you.
The orc wizard hits you with a +0 dagger.
* * * LOW HITPOINT WARNING * * *
Unknown command.
You closely miss the orc wizard.
Unknown command.
You puncture the orc wizard!
The orc wizard is heavily wounded.
The orc wizard closely misses you. The orc hits you with a +0 trident!
* * * LOW HITPOINT WARNING * * *
The orc wizard hits you with a +0 dagger.
You die...

#. #.
#.####
....#
....#
#o..#
#oo.#
#@o.#
#.).# ..
....... ..
#.........
..
#........#
..
#........#
..
#.........
..
#.........
.. .


You could see 2 orc wizards and 2 orcs.

Vanquished Creatures
  A centaur (D:6)
  A scorpion (D:3)
  An orc priest (D:6)
  A jelly (D:5)
  3 orc wizards (D:6)
  A scorpion zombie (D:5)
  A howler monkey zombie (D:6)
  Robin (D:3)
  8 adders
  A shadow imp (D:6)
  3 worms
  A dart slug (D:2)
  9 orcs
  7 endoplasms
  15 goblins
  6 hobgoblins
  3 jackals (D:2)
  4 kobolds
  5 quokkas
  2 ball pythons
  A bat (D:2)
  4 frilled lizards
  A rat (D:3)
80 creatures vanquished.

Vanquished Creatures (others)
  4 plants (D:2)
4 creatures vanquished.

Grand Total: 84 creatures vanquished

Notes
Turn   | Place    | Note
-------+----------+-------------------------------------------
     0 | D:1      | ZARRMARR the Octopode Transmuter began the quest for the
                  | Orb.
     0 | D:1      | Reached XP level 1. HP: 13/13 MP: 3/3
   630 | D:1      | Found a faded altar of an unknown god.
  1159 | D:1      | Reached XP level 2. HP: 18/18 MP: 3/5
  1625 | D:2      | Reached skill level 1 in Stealth
  2094 | D:2      | Reached XP level 3. HP: 19/23 MP: 4/6
  2380 | D:2      | Reached skill level 2 in Stealth
  2423 | D:2      | Reached XP level 4. HP: 24/29 MP: 5/7
  3403 | D:3      | Noticed a scorpion
  3403 | D:3      | Found a hazy altar of Hepliaklqana.
  3553 | D:3      | Noticed Robin
  3575 | D:3      | Killed Robin
  3789 | D:3      | Found a stormy altar of Qazlal.
  4224 | D:3      | Reached XP level 5. HP: 26/34 MP: 6/9
  4435 | D:3      | Found a glowing silver altar of Zin.
  4444 | D:3      | Found a sacrificial altar of Ru.
  4537 | D:3      | Reached skill level 3 in Stealth
  4644 | D:4      | Found a radiant altar of Vehumet.
  4748 | D:4      | Noticed a black bear
  4764 | D:5      | Entered Level 5 of the Dungeon
  4779 | D:5      | Reached XP level 6. HP: 27/41 MP: 10/10
  4992 | D:5      | Noticed a yak
  4998 | D:5      | Noticed a yak
  5023 | D:5      | Noticed a black bear
  5119 | D:6      | Reached skill level 1 in Short Blades
  5362 | D:6      | Noticed an orc warrior
  5559 | D:6      | Reached skill level 4 in Stealth
  5616 | D:6      | Found a hide-covered altar of Uskayaw.
  5643 | D:6      | Reached XP level 7. HP: 38/46 MP: 11/11
  5750 | D:6      | HP: 1/69 [orc (8)]
  5750 | D:6      | Slain by an orc wizard

Illustrated notes

Levels and vault maps discovered:
D:1:      wheals_arrival_shading, layout_basic,
          shapermc_ecumenical_altar_notcrosses, lemuel_flame_loot_1
D:2:      layout_basic, serial_forest, infiniplex_forest_clump_tiny,
          infiniplex_forest_clump_curved, infiniplex_forest_end_1,
          infiniplex_forest_clump_curved, infiniplex_forest_fountain,
          infiniplex_forest_clump_tiny, infiniplex_forest_lined_corner,
          infiniplex_forest_lined_room_, kennysheep_crisscross
D:3:      layout_basic, nicolae_overflow_crystal_walls,
          overflow_temple_1_default, mainiacjoe_overflow_swirl,
          minmay_misc_feat_more_columns, uniq_robin
D:4:      layout_gridville, nicolae_gozag_cash_rules_everything_around_me,
          mainiacjoe_overflow_24_doors, minmay_temple_entry_sparse_star
D:5:      layout_cave_pools, nemelex_spade_bored_becter,
          mainiacjoe_overflow_concentric_impassable
D:6:      layout_basic, mainiacjoe_overflow_surrounded_room,
          fedhas_ov_isle_minmay, marbit_many_paths, dk_noncrumbling_2

Skill      XL: |  1  2  3  4  5  6 |
---------------+-------------------+-----
Stealth        | 1 2 3 4 |  4.6
Fighting       | 2 3 |  3.4
Dodging        | 3 |  3.8
Transmutations | 3 |  3.1
Short Blades   | 1 |  1.9
Unarmed Combat | |  3.0
Spellcasting   | |  2.9

Action                   |  1- 3 |  4- 6 |  7- 9 || total
-------------------------+-------+-------+-------++-------
Melee: Unarmed           |    61 |    68 |       ||   129
       Constrict         |    14 |    28 |     1 ||    43
       Kick              |    17 |    29 |       ||    46
       Tentacles         |     7 |    25 |     2 ||    34
       Dagger            |       |    34 |    11 ||    45
       Punch             |       |     2 |       ||     2
Throw: Dart              |       |     3 |       ||     3
       Boomerang         |       |     7 |       ||     7
 Cast: Beastly Appendage |    20 |    29 |       ||    49
  Use: Scroll            |     2 |    10 |     3 ||    15
       Potion            |       |       |     1 ||     1
 Stab: Sleeping          |     4 |    11 |       ||    15
Armor: Skin              |     3 |     2 |       ||     5
Dodge: Dodged            |    24 |    51 |     5 ||    80
